 Dungeon Crawl Stone Soup version 0.29-a0-902-g0f71de6fce (webtiles) character file.

Game seed: 13585969183960143912

130 Malachi the Ruffian (level 4, -3/35 HPs)
             Began as a Draconian Transmuter on July 24, 2022.
             Slain by Terence
             ... wielding a +0 flail
              (6 damage)
             ... on level 3 of the Dungeon.
             The game lasted 00:02:38 (2915 turns).

Malachi the Ruffian (Draconian Transmuter)          Turns: 2915, Time: 00:02:39

Health: -3/35      AC:  5    Str: 12    XL:     4   Next: 90%
Magic:  7/7        EV: 12    Int: 16    God:
Gold:   133        SH:  0    Dex: 11    Spells: 6/7 levels left

rFire   . . .      SeeInvis .     - Unarmed
rCold   . . .      Faith    .   (no shield)
rNeg    . . .      Spirit   .   (body armour unavailable)
rPois   .          Reflect  .   (helmet currently unavailable)
rElec   .          Harm     .   (no cloak)
rCorr   .          Rampage  .   (no gloves)
Will    .....                   (boots currently unavailable)
Stlth   +.........              (no amulet)
HPRegen 0.11/turn               (no ring)
MPRegen 0.10/turn               (no ring)

@: appendages (expiring), invisible
A: horns 2, talons 2, AC +5, unfitting armour, cold-blooded
a: End Transformation


You were on level 3 of the Dungeon.
You had temporarily grown beastly horns and talons.
You visited 1 branch of the dungeon, and saw 3 of its levels.

You collected 133 gold pieces.

Inventory:

Wands
 a - a wand of polymorph (9)
Scrolls
 b - a scroll of acquirement {unknown}
 c - a scroll of silence {unknown}
 e - a scroll of identify {unknown}
 j - 3 scrolls of butterflies {unknown}
 k - a scroll of blinking {unknown}
 l - a scroll of enchant armour {unknown}
 m - a scroll of amnesia {unknown}
 n - a scroll of fear {unknown}
 o - a scroll of immolation {unknown}
Potions
 d - a potion of resistance {unknown}
 f - a potion of curing {unknown}
 g - a potion of haste {unknown}
 i - a potion of might {unknown}
 p - a potion of cancellation {unknown}
 q - a potion of flight {unknown}


   Skills:
 - Level 1.1 Fighting
 - Level 1.7 Dodging
 + Level 5.7 Unarmed Combat
 - Level 2.0 Spellcasting
 - Level 2.0 Transmutations


You had 6 spell levels left.
You knew the following spells:

 Your Spells              Type           Power      Damage    Failure   Level
a - Beastly Appendage     Tmut           16%        N/A       9%          1

Your spell library contained the following spells:

 Spells                   Type           Power      Damage    Failure   Level
 Wereblood                Tmut           8%         N/A       14%         2
 Necrotise                Necr           4%         1d4       21%         1
 Spider Form              Tmut/Pois      4%         N/A       38%         3
 Vampiric Draining        Necr           1%         2d6       52%         3
 Ice Form                 Ice/Tmut       4%         N/A       80%         4
 Agony                    Necr           1%         N/A       99%         5


Dungeon Overview and Level Annotations

Branches:
Dungeon (3/15)

Altars:

Annotations:
D:3 Natasha, Terence


Innate Abilities, Weirdness & Mutations

You have temporarily grown beastly horns and talons.
Your plain brown scales are hard. (AC +5)
You cannot fit into any form of body armour.
You are cold-blooded and may be slowed by cold attacks.


Message History

Deactivating autopickup; reactivate with Ctrl-A.
There is a strange disturbance nearby!
There is a strange disturbance nearby!
There is a strange disturbance nearby!
No target in view!
Natasha, Servant of Life and Death comes into view.
She is carrying a wand of roots (9).
Things that are here:
a +0 dagger; a +0 ring mail; the goblin skeleton of Ijyb
Casting: Beastly Appendage (safe; 9% risk of failure)
Confirm with . or Enter, or press ? or * to list all spells.
Okay, then.
Casting: Beastly Appendage (safe; 9% risk of failure)
Press: ? - help, Q - select action, (/) - cycle Dir - look around, f - activate You grow a pair of large bovine horns.
Your feet morph into talons.
Unknown command.
No target in view!
You completely miss something. Your headbutt misses something.
Your punch misses something. Something hits you.
You hit something.
Your tail-slap misses something.
Something barely misses you.
You closely miss something. Something hits you.
You barely miss something. You claw something.
Your transformation is almost over.
Something hits you.
You hit something but do no damage. You tail-slap something. You hit something.
You claw something.
Your tail-slap misses something.
Something hits you.
You barely miss something. Your kick misses something.
Your headbutt misses something. Something hits you.
You hit something.
Your tail-slap misses something.
Something hits you but does no damage.
You closely miss something. Your kick misses something.
Your headbutt misses something. Something hits you!
* * * LOW HITPOINT WARNING * * *
You hit something. Your headbutt misses something. Something hits you.
* * * LOW HITPOINT WARNING * * *
Okay, then.
You fade into invisibility!
Something hits you.
You die...

###### #....#
#....# #
#....###.#.#.
#.....{......
#....@###....
#..<..# h
#######


There were no monsters in sight!

Vanquished Creatures
  Ijyb (D:3)
  Natasha (D:3)
  2 adders (D:2)
  2 dart slugs (D:1)
  9 ball pythons
  4 bats
  7 endoplasms
  4 giant cockroaches
  2 goblins
  7 hobgoblins
  6 kobolds
  2 quokkas
  5 frilled lizards
  3 rats
55 creatures vanquished.

Notes
Turn   | Place    | Note
-------+----------+-------------------------------------------
     0 | D:1      | Malachi the Draconian Transmuter began the quest for the
                  | Orb.
     0 | D:1      | Reached XP level 1. HP: 16/16 MP: 3/3
   481 | D:1      | Reached XP level 2. HP: 23/23 MP: 3/5
   736 | D:1      | Reached skill level 4 in Unarmed Combat
   906 | D:1      | Reached XP level 3. HP: 26/28 MP: 4/6
  1874 | D:2      | Reached skill level 5 in Unarmed Combat
  1874 | D:2      | Reached XP level 4. HP: 26/35 MP: 7/7
  2121 | D:2      | Found a faded altar of an unknown god.
  2121 | D:2      | Noticed an orange demon
  2277 | D:3      | Noticed Natasha
  2287 | D:3      | Killed Natasha
  2319 | D:3      | Noticed Ijyb
  2600 | D:3      | Killed Ijyb
  2899 | D:3      | Noticed Terence
  2901 | D:3      | Noticed Natasha
  2915 | D:3      | Slain by Terence

Illustrated notes

Levels and vault maps discovered:
D:1:      minmay_arrival_doors, layout_loops_ring, minmay_tall_x
D:2:      layout_loops_ring, dreamdust_ecumenical_altar_sealed_demon,
          minmay_split_cup_large
D:3:      layout_basic, uniq_terence, uniq_grinder, uniq_ijyb, uniq_natasha

Skill      XL: |  1  2  3 |
---------------+----------+-----
Unarmed Combat | 4 5 |  5.7
Fighting       | |  1.1
Dodging        | |  1.7
Spellcasting   | |  2.0
Transmutations | |  2.0

Action                   |  1- 3 |  4- 6 || total
-------------------------+-------+-------++-------
Melee: Unarmed           |   116 |    57 ||   173
       Punch             |     1 |     1 ||     2
       Kick              |    12 |     5 ||    17
       Headbutt          |    11 |     1 ||    12
       Tailslap          |     6 |     1 ||     7
 Cast: Beastly Appendage |    19 |     6 ||    25
  Use: Potion            |       |     2 ||     2
 Stab: Sleeping          |     1 |       ||     1
Armor: Skin              |    33 |    13 ||    46
Dodge: Dodged            |    54 |    27 ||    81

Table legend: (Time is in decaauts)
 A = Elapsed time spent in this place.
 B = Non-inter-level travel time spent in this place.
 C = Inter-level travel time spent in this place.
 D = Time resting spent in this place.
 E = Time spent auto-exploring this place.
 F = Levels seen in this place.
 G = Mean time per level.
                   A        B        C        D        E       F      G
               +--------+--------+--------+--------+--------+-----+--------+
         Total |   2907 |   2860 |     47 |    567 |   1939 |   3 |  969.0 |
       Dungeon |   2907 |   2860 |     47 |    567 |   1939 |   3 |  969.0 |
               +--------+--------+--------+--------+--------+-----+--------+

Top non-repeatable levels by time:
     D:2: 1310 daAuts
     D:1: 1211 daAuts
     D:3: 385 daAuts
